 Dungeon Crawl Stone Soup version 0.18-a0-1358-gd0e7041 (webtiles) character file.

157 Arkorax the Skirmisher (level 5, -3/45 HPs)
             Began as a Naga Fighter on Feb 20, 2016.
             Killed from afar by Sigmund (5 damage)
             ... with a wand of flame
             ... on level 2 of the Dungeon.
             The game lasted 00:02:41 (1665 turns).

Arkorax the Skirmisher (Naga Fighter)               Turns: 1665, Time: 00:02:41

Health: -3/45      AC:  5    Str: 24    XL:     5   Next: 38%
Magic:  4/4        EV: 10    Int:  9    God:
Gold:   89         SH: 10    Dex: 15    Spells: 0 memorised, 4 levels left

rFire  . . .     SeeInvis +     a - +0 war axe
rCold  . . .     Gourm    .     b - +0 scale mail
rNeg   . . .     Faith    .     c - +0 shield
rPois  +         Spirit   .     (no helmet)
rElec  .         Dismiss  .     (no cloak)
rCorr  .         Reflect  .     (no gloves)
SustAt .         Harm     .     (no barding)
MR     .....                    (no amulet)
Stlth  +.........               (no ring)
                                j - ring of flight

@: mighty, agile, very slow, not resistant to hostile enchantments, very
unstealthy
A: stinger 1, see invisible, deformed body, frail 1, low mp 1, poison
resistance, slowness 2, slow metabolism 1, spit poison 2, AC +1
a: Spit Poison, Evoke Flight


You were on level 2 of the Dungeon.
You were hungry.

You visited 1 branch of the dungeon, and saw 2 of its levels.

You collected 89 gold pieces.

Inventory:

Hand Weapons
 a - a +0 war axe (weapon)
Armour
 b - a +0 scale mail (worn)
 c - a +0 shield (worn)
Jewellery
 j - a ring of flight (left hand)
Scrolls
 h - 2 scrolls of enchant armour {unknown}
 i - 3 scrolls of identify {unknown}
Potions
 e - 2 potions of agility
 k - a potion of magic
Comestibles
 f - 2 bread rations
 l - a meat ration


   Skills:
 * Level 4.2 Fighting
 * Level 3.8 Axes
 - Level 2.4 Armour
 + Level 3.1 Shields


You had 4 spell levels left.
You didn't know any spells.

Dungeon Overview and Level Annotations

Branches:
Dungeon (2/15)

Altars:

Annotations:
D:2 Sigmund


Innate Abilities, Weirdness & Mutations

You cannot wear boots.
Your serpentine skin is tough (AC +1).
You have supernaturally acute eyesight.
Armour fits poorly on your strangely shaped body.
Your system is resistant to poisons.
You cover ground very slowly.
You have a slow metabolism.
You can spit poison.
Your tail ends in a poisonous barb.
You are frail (-10% HP).
Your magical capacity is low (-10% MP).


Message History

* * * LOW HITPOINT WARNING * * *
Sigmund freezes you.
* * * LOW HITPOINT WARNING * * *
You are too injured to fight recklessly!
You are too injured to fight recklessly!
You are too injured to fight recklessly!
Drink which item? (? for menu, Esc to quit)
It was a potion of agility.
You feel agile all of a sudden.
Drink which item? (? for menu, Esc to quit)
It was a potion of mutation.
You feel extremely strange.
A poisonous barb forms on the end of your tail.
You feel frail.
You feel less energetic. Sigmund casts a spell at you. The magic dart hits you!
* * * LOW HITPOINT WARNING * * *
Drink which item? (? for menu, Esc to quit)
It was a potion of magic.
Magic courses through your body.
Sigmund zaps a wand.
The puff of flame hits you!
You die...

#######.#..)..#
#.#####.#
#.....#.####
####.##.#..# #
# #.##.#..#
.#.# #.##.#..#
#...
#.##.#..#...#
#.##.#@.#...#
#.##.#.@...#
#.##.##$#.##
#.##....#.#
#.........#
###########


You could see Sigmund.

Vanquished Creatures
  An orc priest (D:2)
  An orc wizard (D:2)
  5 adders (D:2)
  An ooze (D:2)
  3 giant geckos
  2 orcs (D:2)
  2 ball pythons
  A giant cockroach (D:2)
  7 goblins
  3 hobgoblins
  3 jackals (D:1)
  5 kobolds
  A quokka (D:2)
  3 bats
  5 giant newts
  6 rats
49 creatures vanquished.

Notes
Turn   | Place    | Note
--------------------------------------------------------------
     0 | D:1      | Arkorax the Naga Fighter began the quest for the Orb.
     0 | D:1      | Reached XP level 1. HP: 21/21 MP: 1/1
    68 | D:1      | Reached XP level 2. HP: 16/28 MP: 2/2
   654 | D:2      | Reached XP level 3. HP: 18/34 MP: 3/3
  1004 | D:2      | Reached XP level 4. HP: 35/44 MP: 4/4
  1498 | D:2      | Reached skill level 4 in Fighting
  1498 | D:2      | Reached XP level 5. HP: 38/50 MP: 5/5
  1657 | D:2      | Noticed Sigmund
  1664 | D:2      | Gained mutation: Your tail ends in a poisonous barb. [potion of mutation]
  1664 | D:2      | Gained mutation: You are frail (-10% HP). [potion of mutation]
  1664 | D:2      | Gained mutation: Your magical capacity is low (-10% MP). [potion of mutation]
  1664 | D:2      | HP: 2/45 [Sigmund/magic dart (8)]
  1665 | D:2      | Killed from afar by Sigmund

Vault maps used:
D:1:      dpeg_arrival_brainrot
D:2:      uniq_sigmund

Action                   |  1- 3 |  4- 6 || total
-------------------------+-------+-------++-------
Melee: War axe           |    99 |    52 ||   151
  Use: Potion            |       |     4 ||     4
  Eat: Chunk             |       |     1 ||     1
